 Dungeon Crawl Stone Soup version 0.20.1-1-g8b1a95d66d (webtiles) character file.

58 Jukra the Chopper (level 3, -8/34 HPs)
             Began as a Minotaur Berserker on Nov 22, 2017.
             Was a Believer of Trog.
             Mangled by Sigmund
             ... wielding a +0 scythe
              (14 damage)
             ... on level 2 of the Dungeon.
             The game lasted 00:02:59 (1199 turns).

Jukra the Chopper (Minotaur Berserker)              Turns: 1199, Time: 00:03:00

Health: -8/34      AC:  3    Str: 22    XL:     3   Next: 75%
Magic:  2/2        EV: 12    Int:  4    God:    Trog [**....]
Gold:   121        SH:  0    Dex:  9    Spells: 2/2 levels left

rFire    . . .     SeeInvis .   o - +0 war axe (chop)
rCold    . . .     Gourm    .   (no shield)
rNeg     . . .     Faith    .   b - +0 animal skin
rPois    .         Spirit   .   (helmet restricted)
rElec    .         Reflect  .   (no cloak)
rCorr    .         Harm     .   f - +0 pair of gloves
MR       .....                  (no boots)
Stlth    +.........             (no amulet)
Regen    0.2/turn               (no ring)
MPRegen  0.1/turn               (no ring)

@: no status effects
A: retaliatory headbutt, horns 2
a: Berserk, Trog's Hand, Burn Spellbooks, Renounce Religion


You were on level 2 of the Dungeon.
You worshipped Trog.
Trog was pleased with you.
You were not hungry.

You visited 1 branch of the dungeon, and saw 2 of its levels.

You collected 121 gold pieces.

Inventory:

Hand Weapons
 a - a +0 hand axe
 e - a +0 short sword
 o - a +0 war axe of chopping (weapon)
 p - a cursed -1 flail
Armour
 b - a +0 animal skin (worn)
 f - a +0 pair of gloves (worn)
 l - a +0 pair of gloves
Scrolls
 d - a scroll of identify
 g - a scroll of enchant armour
 h - a scroll of remove curse
 n - a scroll of amnesia {unknown}
Potions
 i - 2 potions of agility {unknown}
 j - a potion of heal wounds {unknown}
 m - a potion of degeneration {unknown}
 q - a potion of might {unknown}
Comestibles
 c - a bread ration
 k - a meat ration


   Skills:
 + Level 4.5 Fighting
 + Level 4.6 Axes
 + Level 2.6 Armour
 + Level 2.6 Dodging


You had 2 spell levels left.
You didn't know any spells.

Dungeon Overview and Level Annotations

Branches:
Dungeon (2/15)

Altars:

Annotations:
D:2 Sigmund


Innate Abilities, Weirdness & Mutations

You reflexively headbutt those who attack you in melee.
You have a pair of horns on your head.


Message History

No target in view!
No target in view!
You feel sick.
You are confused.
You are too confused!
You are too confused!
Something completely misses you.
You bump into the rock wall.
You feel sick. Something hits you. Something hits you!
You feel less confused.
You hear some strange, mumbled words.
A magic dart appears from out of thin air!
The magic dart hits you!
You closely miss something. Your headbutt misses something.
You feel sick.
You are no longer poisoned.
Something hits you!
* * * LOW HITPOINT WARNING * * *
You miss something. Your headbutt misses something. Something hits you!
You die...

.##.###..# ....# ##.# #.
#... .#### #.# #.###...
..# #.# #....... ..### #..
##.#...#### ....#
##.####..#.......
.##.#####..#............
.......###.#...#{#.......#
..#.##..........@........#
....####...#........)....#
................##.......#
.##....(.†....#.##.......#
.......#†###.##.##.......#
.####..#.###.##.##.†.>...#
....#........##....†.....#
.............####..#######
.#####.......<####.####


There were no monsters in sight!

Vanquished Creatures
  3 adders (D:2)
  A dart slug (D:1)
  A leopard gecko (D:1)
  2 giant cockroaches
  3 goblins
  3 hobgoblins (D:2)
  2 kobolds
  A quokka (D:2)
  6 bats
  5 rats
27 creatures vanquished.

Notes
Turn   | Place    | Note
-------+----------+-------------------------------------------
     0 | D:1      | Jukra the Minotaur Berserker began the quest for the Orb.
     0 | D:1      | Reached XP level 1. HP: 19/19 MP: 0/0
   392 | D:1      | Reached XP level 2. HP: 21/27 MP: 1/1
   845 | D:2      | Reached XP level 3. HP: 16/33 MP: 2/2
   917 | D:2      | Reached ** piety under Trog
  1188 | D:2      | Noticed Sigmund
  1199 | D:2      | Mangled by Sigmund

Skill      XL: |  1  2 |
---------------+-------+-----
Fighting       | 4 |  4.5
Axes           | 4 |  4.6
Armour         | |  2.6
Dodging        | |  2.6

Action                   || total
-------------------------++-------
Melee: Hand axe          ||    27
       War axe           ||    17
       Headbutt          ||     4
Invok: Burn Spellbooks   ||     1
  Use: Scroll            ||     5
  Eat: Royal jelly       ||     1
Armor: Animal skin       ||     8
Dodge: Dodged            ||    28
